 Dungeon Sprint DCSS version 0.22-a0-181-gb22368a (console) character file.

266 removed the Thaumaturge (level 6, -1/48 HPs)
             Began as a Gnoll Wanderer on Feb 14, 2018.
             Was an Initiate of Ru.
             Slain by a gargoyle
             ... wielding a cursed +0 morningstar
              (19 damage)
             ... in the Dungeon (Sprint IX: "|||||||||||||||||||||||||||||").
             The game lasted 00:01:37 (314 turns).

removed the Thaumaturge (Gnoll Wanderer)             Turns: 314, Time: 00:01:37

Health: -1/48      AC: 10    Str: 15    XL:     6   Next: 20%
Magic:  16/20      EV: 12    Int: 18    God:    Ru [......]
Gold:   0          SH:  0    Dex: 18    Spells: 28/28 levels left

rFire    . . .     SeeInvis .   a - +4 quarterstaff (speed)
rCold    . . .     Gourm    .   (shield currently unavailable)
rNeg     . . .     Faith    .   v - +1 scale mail
rPois    .         Spirit   .   r - +0 helmet
rElec    .         Reflect  .   (no cloak)
rCorr    .         Harm     .   (no gloves)
MR       .....     NoTele   +   s - +0 pair of boots
Stlth    ++........             (no amulet)
HPRegen  0.16/turn              t - +3 ring of intelligence
MPRegen  0.17/turn              u - +3 ring of intelligence

@: no status effects
A: distributed training, fangs 1, strong nose
a: Renounce Religion


You were in the Dungeon.
You worshipped Ru.
Ru was noncommittal.
You were not hungry.

You visited 1 branch

Inventory:

Hand Weapons
 a - a +4 quarterstaff of speed (weapon)
 b - a +2 scimitar of flaming
 e - a +0 dagger
 p - a +2 falchion
Armour
 d - a +0 robe
 r - a +0 helmet (worn)
 s - a +0 pair of boots (worn)
 v - a +1 scale mail (worn)
Jewellery
 t - a +3 ring of intelligence (left hand)
 u - a +3 ring of intelligence (right hand)
Wands
 o - a wand of acid (7)
Scrolls
 k - 2 scrolls of blinking
 m - 3 scrolls of remove curse
 n - 2 scrolls of amnesia
Potions
 c - 6 potions of curing
 g - 3 potions of heal wounds
 h - a potion of haste
 i - 4 potions of magic
Books
 q - the Disquisition on Displacement

   Spells                             Type                      Level
   a - Apportation                    Translocation                1
   b - Recall                         Summoning/Translocation      3
Comestibles
 f - a ration
 l - 4 chunks of flesh


   Skills:
 + Level 4.2 Fighting
 + Level 4.2 Short Blades
 + Level 5.0 Long Blades
 + Level 4.2 Axes
 + Level 4.2 Maces & Flails
 + Level 4.2 Polearms
 + Level 4.2 Staves
 + Level 4.2 Slings
 + Level 4.2 Bows
 + Level 4.2 Crossbows
 + Level 4.2 Throwing
 + Level 4.2 Armour
 + Level 5.0 Dodging
 + Level 7.4 Stealth
 + Level 4.2 Shields
 + Level 4.2 Unarmed Combat
 + Level 11.8 Spellcasting
 + Level 3.4 Conjurations
 + Level 3.4 Hexes
 + Level 3.4 Charms
 + Level 3.4 Summonings
 + Level 3.4 Necromancy
 + Level 3.4 Translocations
 + Level 3.4 Transmutations
 + Level 3.4 Fire Magic
 + Level 3.4 Ice Magic
 + Level 3.4 Air Magic
 + Level 3.4 Earth Magic
 + Level 3.4 Poison Magic
 + Level 4.6 Invocations
 + Level 4.2 Evocations


You had 28 spell levels left.
You didn't know any spells.

Dungeon Overview and Level Annotations

Branches:
Dungeon (1/1)

Altars:
Cheibriados
Dithmenos
Elyvilon
Fedhas
Gozag
Hepliaklqana
Kikubaaqudgha
Makhleb
Nemelex Xobeh
Okawaru
Qazlal
Ru
Sif Muna
Trog
Uskayaw
Vehumet
Wu Jian
Xom
Yredelemnul
Zin
The Shining One
Beogh
Jiyva
Lugonu


Innate Abilities, Weirdness & Mutations

Your experience applies equally to all skills.
You have very sharp teeth.
Your uncanny sense of smell can sniff out nearby items.


Message History

Your Air Magic skill gained 2 levels and is now at level 3!
Your Earth Magic skill gained 2 levels and is now at level 3!
Your Poison Magic skill gained 2 levels and is now at level 3!
Your Invocations skill gained 2 levels and is now at level 4!
Your Evocations skill gained 2 levels and is now at level 4!
You have reached level 4!
You feel agile.
You have reached level 5!
You have reached level 6!
Your experience leads to an increase in your attributes!
Your base attributes are Str 15, Int 12, Dex 17.
Increase (S)trength, (I)ntelligence, or (D)exterity?
You feel agile.
The bolt of acid hits the wight.
The wight is splashed with acid.
The acid corrodes the wight!
You destroy the wight!
Your Long Blades skill increases to level 5!
Your Dodging skill increases to level 5!
The gargoyle hits you with a morningstar!!
You die...

∆∆∆∆ ∆ ∆∆
▓▓▓▓▓▓▓▓▓▓▓▓▓▓▓▓▓▓▓▓▓▓▓▓
______'!.|).....@9.).ZS+
▓▓▓▓▓▓▓▓▓▓▓▓▓▓▓▓▓▓▓▓▓▓▓▓


You could see a gargoyle, an adder and an adder zombie.

Vanquished Creatures
  A hippogriff (D)
  A wight (D)
  An orc wizard (D)
  A shadow imp (D)
  An ooze (D)
  An adder skeleton (D)
  A leopard gecko (D)
  A giant cockroach (D)
  A goblin (D)
  A hobgoblin (D)
  A bat (D)
  A giant cockroach zombie (D)
  A rat (D)
13 creatures vanquished.

Notes
Turn   | Place    | Note
-------+----------+-------------------------------------------
     0 | D        | Reached skill level 11 in Spellcasting
     0 | D        | removed the Gnoll Wanderer began the quest for the Orb.
     0 | D        | removed set off with: a +2 falchion, the Disquisition on Displacement, 2 potions of curing, a +0 robe, a +0 dagger, a ration, a potion of heal wounds, a potion of haste, 2 potions of magic, a potion of berserk rage, a scroll of blinking
     0 | D        | Reached XP level 1. HP: 13/13 MP: 12/12
     0 | D        | Identified the Disquisition on Displacement
    19 | D        | Reached skill level 1 in Fighting
    19 | D        | Reached skill level 1 in Short Blades
    19 | D        | Reached skill level 1 in Axes
    19 | D        | Reached skill level 1 in Maces & Flails
    19 | D        | Reached skill level 1 in Polearms
    19 | D        | Reached skill level 1 in Staves
    19 | D        | Reached skill level 1 in Slings
    19 | D        | Reached skill level 1 in Bows
    19 | D        | Reached skill level 1 in Crossbows
    19 | D        | Reached skill level 1 in Throwing
    19 | D        | Reached skill level 1 in Armour
    19 | D        | Reached skill level 1 in Shields
    19 | D        | Reached skill level 1 in Unarmed Combat
    19 | D        | Reached skill level 1 in Invocations
    19 | D        | Reached skill level 1 in Evocations
    19 | D        | Reached XP level 2. HP: 14/21 MP: 14/14
   116 | D        | Reached skill level 1 in Conjurations
   116 | D        | Reached skill level 1 in Hexes
   116 | D        | Reached skill level 1 in Charms
   116 | D        | Reached skill level 1 in Summonings
   116 | D        | Reached skill level 1 in Necromancy
   116 | D        | Reached skill level 1 in Translocations
   116 | D        | Reached skill level 1 in Transmutations
   116 | D        | Reached skill level 1 in Fire Magic
   116 | D        | Reached skill level 1 in Ice Magic
   116 | D        | Reached skill level 1 in Air Magic
   116 | D        | Reached skill level 1 in Earth Magic
   116 | D        | Reached skill level 1 in Poison Magic
   124 | D        | Reached XP level 3. HP: 23/26 MP: 15/15
   231 | D        | Found a roughly hewn altar of Beogh.
   231 | D        | Found a snail-covered altar of Cheibriados.
   231 | D        | Found a shadowy altar of Dithmenos.
   231 | D        | Found a white marble altar of Elyvilon.
   231 | D        | Found a blossoming altar of Fedhas.
   231 | D        | Found an opulent altar of Gozag.
   232 | D        | Found a hazy altar of Hepliaklqana.
   233 | D        | Found a viscous altar of Jiyva.
   234 | D        | Found an ancient bone altar of Kikubaaqudgha.
   235 | D        | Found a corrupted altar of Lugonu.
   236 | D        | Found a burning altar of Makhleb.
   237 | D        | Found a sparkling altar of Nemelex Xobeh.
   238 | D        | Found an iron altar of Okawaru.
   239 | D        | Found a stormy altar of Qazlal.
   240 | D        | Found a sacrificial altar of Ru.
   243 | D        | Found a deep blue altar of Sif Muna.
   244 | D        | Found a bloodstained altar of Trog.
   245 | D        | Found a hide-covered altar of Uskayaw.
   246 | D        | Found a radiant altar of Vehumet.
   247 | D        | Found an ornate altar of the Wu Jian Council.
   248 | D        | Found a shimmering altar of Xom.
   249 | D        | Found a basalt altar of Yredelemnul.
   250 | D        | Became a worshipper of Ru the Awakened
   251 | D        | Found a glowing silver altar of Zin.
   252 | D        | Found a glowing golden altar of the Shining One.
   309 | D        | Noticed a gargoyle
   309 | D        | Noticed a hippogriff
   314 | D        | Killed a hippogriff
   314 | D        | Reached XP level 4. HP: 14/37 MP: 15/17
   314 | D        | Reached XP level 5. HP: 16/42 MP: 16/19
   314 | D        | Reached XP level 6. HP: 18/48 MP: 16/20
   314 | D        | Reached skill level 5 in Long Blades
   314 | D        | Reached skill level 5 in Dodging
   314 | D        | Slain by a gargoyle

Vault maps used:
D:        linesprint

Skill      XL: |  1  2  3  4  5  6 |
---------------+-------------------+-----
Spellcasting   | | 11.8
Stealth        | 6 7 |  7.4
Fighting       | 1 4 |  4.2
Short Blades   | 1 4 |  4.2
Axes           | 1 4 |  4.2
Maces & Flails | 1 4 |  4.2
Polearms       | 1 4 |  4.2
Staves         | 1 4 |  4.2
Slings         | 1 4 |  4.2
Bows           | 1 4 |  4.2
Crossbows      | 1 4 |  4.2
Throwing       | 1 4 |  4.2
Armour         | 1 4 |  4.2
Shields        | 1 4 |  4.2
Unarmed Combat | 1 4 |  4.2
Invocations    | 1 4 |  4.6
Evocations     | 1 4 |  4.2
Conjurations   | 1 3 |  3.4
Hexes          | 1 3 |  3.4
Charms         | 1 3 |  3.4
Summonings     | 1 3 |  3.4
Necromancy     | 1 3 |  3.4
Translocations | 1 3 |  3.4
Transmutations | 1 3 |  3.4
Fire Magic     | 1 3 |  3.4
Ice Magic      | 1 3 |  3.4
Air Magic      | 1 3 |  3.4
Earth Magic    | 1 3 |  3.4
Poison Magic   | 1 3 |  3.4
Long Blades    | 3 4 5 |  5.0
Dodging        | 3 4 5 |  5.0

Action                   |  1- 3 |  4- 6 || total
-------------------------+-------+-------++-------
Melee: Falchion          |    25 |       ||    25
       Bite              |     5 |       ||     5
       Quarterstaff      |     1 |       ||     1
Evoke: Wand              |     2 |     1 ||     3
  Use: Potion            |     1 |       ||     1
Armor: Robe              |     2 |       ||     2
Dodge: Dodged            |    18 |       ||    18
       Rpst.: Falchion   |     8 |       ||     8

Table legend:
 A = Spawn XP
 B = Non-spawn XP
 C = Spawn XP percentage of total XP
 D = Spawn monster count
 E = Non-spawn monster count
 F = Spawn count percentage of total count
 G = Total turns spent on level
                    A         B        C        D         E        F      G
               +---------+---------+-------+---------+---------+-------+---------
         Total |       0 |     380 |   0.0 |       0 |      13 |   0.0 |   314
               +---------+---------+-------+---------+---------+-------+---------
             D |       0 |     380 |   0.0 |       0 |      13 |   0.0 |   314
               +---------+---------+-------+---------+---------+-------+---------
